 Dungeon Crawl Stone Soup version 0.24.0-13-gcf9b319 (webtiles) character file.

Game seed: 1790185674977103287, levelgen mode: deterministic

144 Fang the Skirmisher (level 5, 0/33 HPs)
             Began as a Gargoyle Berserker on Dec 5, 2019.
             Was a Believer of Trog.
             Slain by an orc wizard
             ... wielding a +0 dagger
              (3 damage)
             ... on level 3 of the Dungeon on Dec 6, 2019.
             The game lasted 00:03:10 (2457 turns).

Fang the Skirmisher (Gargoyle Berserker)            Turns: 2457, Time: 00:03:11

Health: 0/33       AC:  6    Str: 21    XL:     5   Next: 26%
Magic:  5/5        EV: 12    Int:  8    God:    Trog [**....]
Gold:   103        SH:  0    Dex:  9    Spells: 4/4 levels left

rFire    . . .     SeeInvis .   a - +0 hand axe
rCold    . . .     Gourm    .   (no shield)
rNeg     + . .     Faith    .   b - +0 animal skin
rPois    ∞         Spirit   .   (no helmet)
rElec    +         Reflect  .   (no cloak)
rCorr    .         Harm     .   (no gloves)
MR       .....                  (no boots)
Stlth    +.........             (no amulet)
HPRegen  0.11/turn              (no ring)
MPRegen  0.09/turn              (no ring)

@: berserk cooldown, slowed, very slow
A: negative energy resistance 1, electricity resistance, unbreathing,
petrification resistance, rot immunity, AC +4
a: Berserk, Trog's Hand, Renounce Religion


You were on level 3 of the Dungeon.
You worshipped Trog.
Trog was pleased with you.
You were near starving.

You visited 1 branch of the dungeon, and saw 3 of its levels.

You collected 103 gold pieces.

Inventory:

Hand Weapons
 a - a +0 hand axe (weapon)
Armour
 b - a +0 animal skin (worn)
Jewellery
 g - a +3 ring of strength {unknown}
Scrolls
 e - a scroll of magic mapping {unknown}
 f - 5 scrolls of identify {unknown}
 j - a scroll of noise {unknown}
Potions
 d - a potion of degeneration {unknown}
 h - 2 potions of curing {unknown}
 i - 2 potions of might {unknown}
Comestibles
 c - 5 rations


   Skills:
 + Level 4.2 Fighting
 + Level 3.4 Axes
 + Level 3.4 Armour
 + Level 2.5 Dodging


You had 4 spell levels left.
You didn't know any spells.
Your spell library was empty.

Dungeon Overview and Level Annotations

Branches:
Dungeon (3/15)

Altars:
Ru

Annotations:
D:3 2 transporters, seaofthunder's ghost, amateur CeHu


Innate Abilities, Weirdness & Mutations

You are resistant to torment.
Your stone body is resilient. (AC +4)
You are immune to poison.
You resist negative energy. (rN+)
You are resistant to electric shocks. (rElec)
You can survive without breathing.
You are immune to petrification.
You are immune to rotting.


Message History

You closely miss the orc.
The orc is almost dead.
The orc wizard points at you and mumbles some strange words.
The magic dart hits you.
* * * LOW HITPOINT WARNING * * *
The orc barely misses you.
You barely miss the orc.
The orc is almost dead.
The orc closely misses you.
You closely miss the orc.
The orc is almost dead.
You slash the orc!
You kill the orc!
Trog accepts your kill.
You closely miss the orc wizard.
You are no longer berserk.
You are exhausted.
You feel yourself slow down.
The orc wizard hits you with a +0 dagger.
You die...

#######.#..........##..
#.#..........##.)
#.#..........####
#.#......##.## #.
#.######.##.# #.
#######(######.##.# #.
#...?..†.....#.##.## ##
#.....)..###.#.#...#
#.....@).###.#.#...#
#.....o..##....#...#
#........##....#...####
#........##....#.......
#........##............
#.?......###.###.......
#........# #.# ##<.....
#........# #.# ##.....
#.# #.....


You could see an orc wizard.

Vanquished Creatures
  An orc priest (D:3)
  2 adders
  4 gnolls (D:3)
  An ooze (D:1)
  2 leopard geckos
  4 orcs (D:3)
  A ball python (D:3)
  A giant cockroach (D:2)
  7 goblins
  9 hobgoblins
  3 kobolds
  6 bats
  4 frilled lizards
  4 rats
49 creatures vanquished.

Notes
Turn   | Place    | Note
-------+----------+-------------------------------------------
     0 | D:1      | Fang the Gargoyle Berserker began the quest for the Orb.
     0 | D:1      | Reached XP level 1. HP: 14/14 MP: 1/1
   319 | D:1      | Reached XP level 2. HP: 18/19 MP: 2/2
   845 | D:2      | Reached XP level 3. HP: 21/23 MP: 3/3
  1664 | D:3      | Reached ** piety under Trog
  1725 | D:3      | Reached XP level 4. HP: 14/29 MP: 4/4
  1728 | D:3      | Reached skill level 4 in Fighting
  2017 | D:3      | Found a transporter.
  2017 | D:3      | Noticed seaofthunder's ghost (amateur CeHu)
  2096 | D:3      | Noticed an orc warrior
  2097 | D:3      | Found a transporter.
  2165 | D:3      | Found a sacrificial altar of Ru.
  2445 | D:3      | Reached XP level 5. HP: 17/33 MP: 5/5
  2457 | D:3      | Slain by an orc wizard

Levels and vault maps discovered:
D:1:      minmay_arrival_split_and_join, layout_basic, st_stairs_9
D:2:      layout_loops_corners, first_ration
D:3:      layout_basic, nicolae_ru_sacrificial_ziggurat, gammafunk_ghost_arena

Skill      XL: |  1  2  3  4 |
---------------+-------------+-----
Axes           | 3 |  3.4
Dodging        | 2 |  2.5
Armour         | 3 |  3.4
Fighting       | 4 |  4.2

Action                   |  1- 3 |  4- 6 || total
-------------------------+-------+-------++-------
Melee: Hand axe          |   117 |    49 ||   166
Invok: Berserk           |     1 |     1 ||     2
  Eat: Chunk             |     2 |     3 ||     5
Armor: Animal skin       |    48 |    17 ||    65
Dodge: Dodged            |    69 |    45 ||   114
